 Dungeon Crawl Stone Soup version 0.27-a0-1281-ge233d83751 (webtiles) character file.

Game seed: 13001007411645058868

57 sanka the Ducker (level 4, 0/28 HPs)
             Began as an Octopode Transmuter on June 13, 2021.
             Slain by a gnoll (8 damage)
             ... on level 2 of the Dungeon.
             The game lasted 00:01:39 (1927 turns).

sanka the Ducker (Octopode Transmuter)              Turns: 1927, Time: 00:01:40

Health: 0/28       AC:  2    Str:  9    XL:     4   Next: 0%
Magic:  4/7        EV: 21    Int: 15    God:
Gold:   76         SH:  0    Dex: 18    Spells: 1/7 levels left

rFire    . . .     SeeInvis .     - Unarmed
rCold    . . .     Faith    .   (shield currently unavailable)
rNeg     . . .     Spirit   .   (helmet currently unavailable)
rPois    x         Reflect  .   (no amulet)
rElec    .         Harm     .   (no ring)
rCorr    .         Rampage  .   (no ring)
Will     .....                  (no ring)
Stlth    ++........             (no ring)
HPRegen  0.09/turn              (no ring)
MPRegen  0.10/turn              (no ring)
                                (no ring)
                                (no ring)

@: spider-form (expiring)
A: venomous fangs, almost no armour, (amphibious), 8 rings, tiny, (camouflage
1), (gelatinous body 1), (nimble swimmer 1), (tentacles)
a: End Transformation


You were on level 2 of the Dungeon.
You were a venomous arachnid creature.
You visited 1 branch of the dungeon, and saw 3 of its levels.

You collected 76 gold pieces.


Innate Abilities, Weirdness & Mutations

You are a venomous arachnid creature.
You have poisonous fangs.
You are tiny and dextrous.
Your spellcasting is less reliable in this form.
Your armour is entirely melded.
You are incapable of wielding weapons or throwing items.
You cannot wear most types of armour.
((You are amphibious.))
You can wear up to eight rings at the same time.
((Your skin changes colour to match your surroundings (Stealth+).))
((Your rubbery body absorbs attacks. (AC +1, EV +1)))
((You are camouflaged near water. (Stealth+)))
((You have tentacles for arms and can constrict up to eight enemies at once.))


   Skills:
 - Level 1.0 Fighting
 - Level 4.1 Dodging
 - Level 3.0 Unarmed Combat
 - Level 2.0 Spellcasting
 - Level 2.0 Transmutations
 + Level 0.5 Poison Magic


You had one spell level left.
You knew the following spells:

 Your Spells              Type           Power      Damage    Failure   Level
x - Spider Form           Tmut/Pois      2%         N/A       58%         3
y - Wereblood             Tmut           7%         N/A       32%         2
z - Beastly Appendage     Tmut           14%        N/A       24%         1

Your spell library contained the following spells:

 Spells                   Type           Power      Damage    Failure   Level
 Ice Form                 Ice/Tmut       4%         N/A       93%         4

Inventory:

Scrolls
 b - a scroll of enchant armour {unknown}
 c - a scroll of teleportation {unknown}
Potions
 a - a potion of attraction {unknown}

Dungeon Overview and Level Annotations

Branches:
Dungeon (3/15)

Altars:

.▒.▒ ▒......▒ .▒.▒
▒▒▒▒▒..▒▒▒▒▒▒▒.. ...▒
▒▒.........▒ .▒▒▒▒▒
▒.▒.▒▒▒▒▒▒ gb...▒ ▒.▒.▒
▒▒▒▒g▒ ▒.▒.▒ ▒.▒
▒.▒.▒▒▒▒▒▒▒ ▒g▒
▒.........▒ ▒.▒
▒▒▒s▒▒▒▒▒.▒ ▒▒▒▒b▒ ▒▒g▒▒
^....▒ ▒▒▒▒▒▒▒▒gg.▒▒▒▒▒▒..
▒▒▒▒.▒▒▒.........>........
▒.....▒▒▒▒▒▒...▒▒▒▒▒▒▒▒
▒.▒▒▒▒▒ ▒▒.▒▒
▒.▒▒▒▒▒▒▒▒▒▒▒.▒
▒.............▒
▒▒▒▒▒▒▒▒▒▒▒▒▒▒▒


You could see 3 gnolls.


Message History

Found a stone staircase leading down.
There is a stone staircase leading up here.
The spell is extremely dangerous to cast (36% risk of failure)!
Continue anyway?
You turn into a venomous arachnid creature.
You climb upwards.
The gnoll completely misses you. The gnoll closely misses you.
There is a stone staircase leading down here.
Unknown command.
You barely miss the gnoll. The gnoll closely misses you.
The gnoll closely misses you.
You barely miss the gnoll. The gnoll hits you with a +0 whip!
The gnoll misses you. The gnoll hits you with a +0 whip.
* * * LOW HITPOINT WARNING * * *
The gnoll closely misses you. The gnoll barely misses you.
The gnoll hits you from afar with a +0 spear.
* * * LOW HITPOINT WARNING * * *
The gnoll closely misses you. The gnoll barely misses you.
You hit the gnoll but do no damage.
The gnoll is poisoned.
The gnoll hits you with a +0 whip.
* * * LOW HITPOINT WARNING * * *
The gnoll misses you.
The gnoll hits you from afar with a +0 spear!
You die...

Action                   |  1- 3 |  4- 6 || total
-------------------------+-------+-------++-------
Melee: Unarmed           |    66 |     3 ||    69
       Constrict         |    18 |       ||    18
       Tentacles         |     8 |       ||     8
       Punch             |     2 |       ||     2
 Cast: Spider Form       |       |     1 ||     1
 Stab: Sleeping          |     5 |       ||     5
Armor: Skin              |     2 |       ||     2
Dodge: Dodged            |    38 |    10 ||    48

Levels and vault maps discovered:
D:1:      lemuel_arrival_river_bridge, layout_rooms,
          hellmonk_ecumenical_altar_crossroads
D:2:      layout_loops_ring, serial_bayou_ford_a, minmay_tetromino_t4
D:3:      layout_basic, gammafunk_ghost_abyssal_escape

Notes
Turn   | Place    | Note
-------+----------+-------------------------------------------
     0 | D:1      | sanka the Octopode Transmuter began the quest for the Orb.
     0 | D:1      | Reached XP level 1. HP: 13/13 MP: 3/3
   127 | D:1      | Found a faded altar of an unknown god.
   160 | D:1      | Reached XP level 2. HP: 14/18 MP: 5/5
   308 | D:1      | Reached skill level 3 in Dodging
   415 | D:1      | Learned a level 2 spell: Wereblood
  1229 | D:2      | Reached XP level 3. HP: 23/23 MP: 6/6
  1296 | D:2      | Reached skill level 4 in Dodging
  1439 | D:2      | Learned a level 3 spell: Spider Form
  1737 | D:3      | Reached XP level 4. HP: 18/28 MP: 7/7
  1927 | D:2      | Slain by a gnoll

Vanquished Creatures
  A gnoll (D:2)
  2 adders (D:2)
  A dart slug (D:1)
  2 endoplasms
  A giant cockroach (D:1)
  2 goblins (D:1)
  5 hobgoblins (D:1)
  5 ball pythons
  A bat (D:3)
  5 frilled lizards
  A kobold (D:1)
  3 rats (D:1)
29 creatures vanquished.
